 Dungeon Crawl Stone Soup version 0.28.0-53-g5a82cb258f (webtiles) character file.

Game seed: 10457638991141786536

1064 pkoi the Insei (level 7, -1/57 HPs)
             Began as a Demigod Gladiator on June 6, 2022.
             Slain by an ogre
             ... wielding a +0 giant spiked club
              (21 damage)
             ... on level 6 of the Dungeon.
             The game lasted 00:08:30 (7830 turns).

pkoi the Insei (Demigod Gladiator)                  Turns: 7830, Time: 00:08:31

Health: -1/57      AC: 11    Str: 15    XL:     7   Next: 78%
Magic:  9/9        EV:  7    Int: 18    God:
Gold:   237        SH:  0    Dex: 15    Spells: 6/6 levels left

rFire   . . .      SeeInvis .   a - +0 dagger (venom)
rCold   . . .      Faith    .   (no shield)
rNeg    . . .      Spirit   .   m - +0 chain mail
rPois   .          Reflect  .   i - +0 helmet
rElec   .          Harm     .   (no cloak)
rCorr   .          Rampage  .   u - +0 pair of gloves
Will    .....                   (no boots)
Stlth   ..........              (no amulet)
HPRegen 0.19/turn               (no ring)
MPRegen 0.11/turn               (no ring)

@: no status effects
A: high MP 1, forlorn, divine attributes
a: no special abilities


You were on level 6 of the Dungeon.
You visited 1 branch of the dungeon, and saw 6 of its levels.

You collected 237 gold pieces.

Inventory:

Hand Weapons
 a - a +0 dagger of venom (weapon)
 b - a +0 hunting sling
 f - a +0 dagger
 g - a +0 whip
 y - the +8 rapier "Caqe" {vorpal, *Slow Will++ rCorr}
   (You acquired it on level 4 of the Dungeon)

   It inflicts extra damage upon your enemies.
   rCorr:     It protects you from acid and corrosion.
   *Slow:     It may slow you when you take damage.
   Will:      It greatly increases your willpower.
Missiles
 c - 2 throwing nets (quivered)
 h - 7 atropa-tipped darts
 j - 109 stones
 p - 2 poisoned darts
Armour
 e - a +0 ring mail
 i - a +0 helmet (worn)
 m - a +0 chain mail (worn)
 t - a +0 leather armour
 u - a +0 pair of gloves (worn)
Magical Staves
 r - a staff of poison
Jewellery
 k - a ring of protection from cold
 A - a ring of positive energy
 B - a +4 ring of evasion
Scrolls
 n - a scroll of amnesia
 q - 2 scrolls of identify
 D - a scroll of magic mapping
 E - a scroll of enchant armour {unknown}
Potions
 d - 2 potions of flight {unknown}
 l - 5 potions of curing {unknown}
 o - a potion of cancellation {unknown}
 s - a potion of resistance
 v - a potion of attraction {unknown}
 w - 3 potions of lignification {unknown}
 x - a potion of invisibility
 z - 2 potions of brilliance {unknown}
 C - a potion of ambrosia {unknown}


   Skills:
 + Level 3.1 Fighting
 - Level 1.7 Throwing
 + Level 2.2 Armour
 + Level 3.7 Dodging
 + Level 7.8 Unarmed Combat


You had 6 spell levels left.
You didn't know any spells.
Your spell library contained the following spells:

 Spells                   Type           Power      Damage    Failure   Level
 Pain                     Necr           0%         1d4       99%         1
 Blink                    Tloc           0%         N/A       100%        2
 Corpse Rot               Necr/Air       0%         N/A       100%        2
 Lesser Beckoning         Tloc           0%         N/A       100%        3
 Summon Guardian Golem    Hex/Summ       0%         N/A       100%        3
 Dispel Undead            Necr           0%         3d6       100%        4
 Agony                    Necr           0%         N/A       100%        5
 Excruciating Wounds      Necr           0%         N/A       100%        5
 Manifold Assault         Tloc           0%         N/A       100%        5
 Summon Forest            Summ/Tloc      0%         N/A       100%        5
 Death Channel            Necr           0%         N/A       100%        6
 Eringya's Noxious Bog    Tmut/Pois      0%         N/A       100%        6
 Orb of Destruction       Conj           0%         9d5       100%        7
 Spellforged Servitor     Conj/Summ      0%         N/A       100%        7
 Summon Hydra             Summ           0%         N/A       100%        7


Dungeon Overview and Level Annotations

Branches:
Dungeon (6/15)             Temple (0/1) D:5

Shops:
D:4 *


Innate Abilities, Weirdness & Mutations

You have an increased reservoir of magic. (+10% MP)
You shall have no god before yourself.
Your divine heritage dramatically boosts your attributes as you level up.


Message History

Done exploring.
No target in view!
(D) Dungeon (T) Temple
Where to? (Enter - D:4 @ (x,y), ? - help)
There is a stone staircase leading down here.
You climb downwards.
Found a scroll of identify.
There is a stone staircase leading up here.
Key pressed, stopping travel.
Unknown command.
q - 2 scrolls of identify (gained 1)
You pick up a Fen Folio and begin reading...
You add the spells Summon Forest, Eringya's Noxious Bog and Summon Hydra to your library.
You now have 237 gold pieces (gained 8).
Found 3 scrolls of noise.
h - 7 atropa-tipped darts (gained 4)
An ogre comes into view. It is wielding a +0 giant spiked club.
Found a robe.
The ogre shouts!
You hit the ogre.
The ogre is poisoned.
The ogre is lightly wounded.
The ogre barely misses you.
You hit the ogre.
The ogre is moderately wounded.
The ogre hits you with a +0 giant spiked club!!
* * * LOW HITPOINT WARNING * * *
You hit the ogre.
The ogre looks even sicker.
The ogre is moderately wounded.
The ogre hits you with a +0 giant spiked club!
* * * LOW HITPOINT WARNING * * *
The ogre hits you with a +0 giant spiked club!
* * * LOW HITPOINT WARNING * * *
The ogre looks more healthy.
You barely miss the ogre.
The ogre is heavily wounded.
The ogre barely misses you.
You hit the ogre.
The ogre is poisoned.
The ogre is severely wounded.
The ogre hits you with a +0 giant spiked club!!
You die...

..#.....##.###.#
....###..#.....#
....###......###
###..#....##.#
##....#.##.# ##
##..........### ..##
..............<# .....
/##.####.......###....#
........###...O@.....#
#...###### ##...##....#
#. #..### ...# #.## ..#
#. .# #. # #.


You could see an ogre (very poisoned).

Vanquished Creatures
  Sigmund (D:3)
  Pargi (D:4)
  An orc warrior (D:5)
  A sky beast (D:4)
  A phantom (D:4)
  A centaur (D:5)
  A water moccasin zombie (D:5)
  2 scorpions
  A hound (D:5)
  An iguana (D:5)
  Natasha (twice) (D:4)
  Terence (D:2)
  Robin (D:2)
  A gnoll (D:1)
  3 adders
  2 adder skeletons (D:4)
  3 worms
  A dart slug (D:4)
  3 orcs (D:5)
  8 ball pythons
  14 bats
  8 endoplasms
  4 giant cockroaches
  16 goblins
  8 hobgoblins
  5 jackals
  5 kobolds
  4 quokkas
  4 frilled lizards
  2 rats
106 creatures vanquished.

Notes
Turn   | Place    | Note
-------+----------+-------------------------------------------
     0 | D:1      | pkoi the Demigod Gladiator began the quest for the Orb.
     0 | D:1      | Reached XP level 1. HP: 17/17 MP: 3/3
   309 | D:1      | Reached skill level 3 in Unarmed Combat
   330 | D:1      | Reached XP level 2. HP: 16/24 MP: 4/4
   537 | D:1      | You fall into a shaft and drop 1 floor!
  1000 | D:2      | Reached XP level 3. HP: 29/29 MP: 5/5
  1048 | D:2      | Noticed Terence
  1079 | D:2      | Killed Terence
  1080 | D:2      | Reached skill level 4 in Unarmed Combat
  2070 | D:1      | Reached XP level 4. HP: 25/36 MP: 6/6
  2749 | D:2      | Noticed Robin
  2792 | D:2      | Killed Robin
  2793 | D:2      | Reached skill level 5 in Unarmed Combat
  3269 | D:3      | Noticed Sigmund
  3280 | D:3      | Killed Sigmund
  3281 | D:3      | Reached skill level 6 in Unarmed Combat
  3281 | D:3      | Reached XP level 5. HP: 17/41 MP: 7/7
  4172 | D:3      | Reached XP level 6. HP: 42/48 MP: 8/8
  4679 | D:4      | Noticed Pargi
  4713 | D:4      | Killed Pargi
  4714 | D:4      | Reached skill level 7 in Unarmed Combat
  5784 | D:4      | Noticed Natasha
  5794 | D:4      | Killed Natasha
  5893 | D:4      | Found Liuch's General Store.
  5951 | D:5      | Entered Level 5 of the Dungeon
  6122 | D:5      | Reached XP level 7. HP: 31/55 MP: 9/9
  6339 | D:4      | Noticed Natasha
  6343 | D:4      | Killed Natasha
  6344 | D:4      | Reached skill level 1 in Armour
  7310 | D:5      | Found a staircase to the Ecumenical Temple.
  7348 | D:4      | Identified a scroll of acquirement
  7348 | D:4      | Acquired the +8 rapier "Caqe" {vorpal, *Slow Will++ rCorr}
  7830 | D:6      | Slain by an ogre

Illustrated notes

Levels and vault maps discovered:
D:1:      dpeg_arrival_refuge, layout_rooms,
          hellmonk_ecumenical_altar_arch_garden, hangedman_decor_push,
          nicolae_concentric_dashed_squares_wild, minmay_misc_feat_square,
          st_stairs_14, chequers_jeans
D:2:      layout_basic, basic_altar, uniq_terence, uniq_robin
D:3:      layout_loops_ring, uniq_sigmund
D:4:      layout_loops_ring, serial_shops, shop, minmay_misc_feat_five,
          uniq_natasha, uniq_pargi
D:5:      layout_cave_pools, minmay_temple_entry_from_below_b,
          dk_noncrumbling_4, hex_medium
D:6:      layout_rooms, mainiacjoe_overflow_swirl, minmay_misc_feat_room,
          nicolae_water_bricks

Skill      XL: |  1  2  3  4  5  6  7 |
---------------+----------------------+-----
Unarmed Combat | 3 4 6 7 |  7.8
Fighting       | 2 3 |  3.1
Armour         | 2 |  2.2
Dodging        | 3 |  3.7
Throwing       | |  1.7

Action                   |  1- 3 |  4- 6 |  7- 9 || total
-------------------------+-------+-------+-------++-------
Melee: Unarmed           |    83 |     9 |    30 ||   122
       Punch             |     3 |     4 |     2 ||     9
       Dagger            |    12 |   238 |    41 ||   291
 Fire: Hunting sling     |    30 |     7 |       ||    37
Throw: Throwing net      |     1 |       |       ||     1
  Use: Potion            |     1 |       |       ||     1
       Scroll            |       |     9 |     1 ||    10
Armor: Ring mail         |    31 |       |       ||    31
       Chain mail        |    30 |   167 |    37 ||   234
Dodge: Dodged            |    47 |   103 |    26 ||   176
